 Dungeon Crawl Stone Soup version 0.31.0-32-g396128a36d (webtiles) character file.

Game seed: 10784740838356112894

67 monsoonserge the Chopper (level 4, -5/31 HPs)
             Began as an Octopode Cinder Acolyte on Mar 13, 2024.
             Was a High Priest of Ignis.
             Killed by divine providence
             ... invoked by an orc priest
              (10 damage)
             ... on level 3 of the Dungeon.
             The game lasted 00:03:31 (1567 turns).

monsoonserge the Chopper (Octopode Cinder Acolyte)  Turns: 1567, Time: 00:03:32

Health: -5/31      AC:  5    Str: 15    XL:     4   Next: 18%
Magic:  5/5        EV: 12    Int: 16    God:    Ignis [*****.]
Gold:   76         SH:  5    Dex:  7    Spells: 3/5 levels left

rFire   + . .        a - -1 hand axe (flame)
rCold   . . .        (no shield)
rNeg    + . .        (helmet restricted)
rPois   .            o - amulet of reflection
rElec   .            c - +4 ring of protection
rCorr   .            f - ring of positive energy
SInv    .            (no ring)
Will    .....        (no ring)
Stlth   ++           (no ring)
HPRegen 0.25/turn    (no ring)
MPRegen 0.09/turn    (no ring)
                     (no ring)

%: reflection
@: no status effects
A: almost no armour, amphibious, 8 rings, camouflage 1, gelatinous body 1,
(nimble swimmer 1), tentacles
a: Renounce Religion, Fiery Armour, Foxfire Swarm, Rising Flame


You were on level 3 of the Dungeon.
You worshipped Ignis.
Ignis was extremely pleased with you.
You visited 1 branch of the dungeon, and saw 3 of its levels.

You collected 76 gold pieces.

Inventory:

Hand Weapons
 a - a -1 hand axe of flaming (weapon)
Jewellery
 c - a +4 ring of protection (left tentacle)
 f - a ring of positive energy (right tentacle)
 o - an amulet of reflection (around mantle)
Talismans
 j - a serpent talisman
Scrolls
 b - a scroll of silence {unknown}
 d - 5 scrolls of identify {unknown}
 e - 2 scrolls of teleportation {unknown}
 h - 2 scrolls of torment {unknown}
 l - a scroll of enchant armour {unknown}
Potions
 g - a potion of magic {unknown}
 i - 2 potions of heal wounds {unknown}
 k - a potion of might {unknown}
 m - a potion of curing {unknown}
 n - a potion of attraction {unknown}
 p - a potion of enlightenment {unknown}


   Skills:
 + Level 3.5 Fighting
 + Level 3.7 Axes
 + Level 0.9 Dodging
 + Level 1.4 Stealth
 - Level 1.0 Spellcasting
 + Level 3.4 Fire Magic


You had 3 spell levels left.
You knew the following spells:

 Your Spells              Type           Power      Damage    Failure   Level
a - Scorch                Fire           22%        2d5       9%          2

Your spell library contained the following spells:

 Spells                   Type           Power      Damage    Failure   Level
 Sting                    Conj/Alch      0%         1d3       22%         1
 Mercury Vapours          Alch/Air       0%         N/A       34%         2
 Olgreb's Toxic Radiance  Alch           0%         N/A       92%         4


Dungeon Overview and Level Annotations

Branches:
Dungeon (3/15)

Altars:

Shops:
D:1 ([


Innate Abilities, Weirdness & Mutations

You cannot wear most types of armour.
You are amphibious.
You can wear up to eight rings at the same time.
Your skin changes colour to match your surroundings (Stealth+).
Your rubbery body absorbs attacks. (AC +1, EV +1)
((You are camouflaged when in or above water. (Stealth+)))
You have tentacles for arms and can constrict up to eight enemies at once.


Message History

The hobgoblin is lightly wounded.
You constrict the hobgoblin. The hobgoblin barely misses you.
You hit the hobgoblin. You burn the hobgoblin.
You kill the hobgoblin!
Found a dark potion.
Found 7 gold pieces.
d - 5 scrolls labelled CEAH LUSAIPP (gained 1)
There are no items here.
p - a dark potion
There are no items here.
You now have 76 gold pieces (gained 7).
There are no items here.
You see here 6 gold pieces.
An orc is nearby!
The orc shouts!
The orc priest shouts!
You see here a sapphire potion.
The orc hits you with a +0 hand axe.
You hit the orc. You burn the orc.
You kill the orc!
You completely miss the orc priest.
The orc priest invokes the aid of Beogh against you.
Pain shoots through your body!
You barely miss the orc priest. You grab the orc priest.
You constrict the orc priest, but do no damage.
The orc priest hits you with a +0 hand axe.
The orc priest misses you.
You hit the orc priest. You burn the orc priest.
The orc priest is heavily wounded.
You constrict the orc priest.
The orc priest invokes the aid of Beogh against you.
Beogh smites you!
* * * LOW HITPOINT WARNING * * *
The orc priest misses you.
You hit the orc priest. You burn the orc priest.
The orc priest is almost dead.
You constrict the orc priest.
The orc priest invokes the aid of Beogh against you.
Beogh smites you!
You die...

......###.#.#
..........#.#
........#.#.#
####+#..#.#.#
#.>....#.# ##
#.#.#.##.##########..
#.#.#...$.#..........
#.#.####....!.........
#.#.# #.#...@)........
#.#.# ........o........
#.#.##...##.......o....
#.#.##...##............
#.# ##................
#.# #.##.............
#.# # #...<.........
#.# ##.[.)....#+#
##.### #.......####


You could see 2 orc priests.

Vanquished Creatures
  An adder (D:2)
  A ribbon worm (D:2)
  3 dart slugs
  3 orcs
  2 bats
  3 endoplasms
  2 giant cockroaches
  3 goblins
  5 hobgoblins
  3 jackals (D:2)
  5 kobolds
  A quokka (D:1)
  5 ball pythons (D:1)
  A frilled lizard (D:2)
  4 rats
42 creatures vanquished.

Notes
Turn   | Place    | Note
-------+----------+-------------------------------------------
     0 | D:1      | monsoonserge the Octopode Cinder Acolyte began the quest
                  | for the Orb.
     0 | D:1      | Reached XP level 1. HP: 16/16 MP: 2/2
    97 | D:1      | Found Foseig's Antique Weapon Shoppe.
   137 | D:1      | Reached XP level 2. HP: 17/21 MP: 3/3
   210 | D:1      | Found Gehupp Ezocu's Antique Armour Emporium.
   420 | D:1      | Reached XP level 3. HP: 25/26 MP: 4/4
   446 | D:1      | Learned a level 2 spell: Scorch
  1157 | D:2      | Reached skill level 1 in Stealth
  1284 | D:2      | Reached XP level 4. HP: 31/31 MP: 5/5
  1567 | D:3      | Killed from afar by an orc priest

Illustrated notes

Levels and vault maps discovered:
D:1:      lightli_arrival_isolated_outpost, layout_basic, serial_shops, shop,
          nicolae_shop_waterfront
D:2:      layout_rooms, kennysheep_doodads
D:3:      layout_basic, nicolae_overflows_in_rows

Skill      XL: |  1  2  3 |
---------------+----------+-----
Stealth        | 1 |  1.4
Fighting       | |  3.5
Axes           | |  3.7
Dodging        | |  0.9
Spellcasting   | |  1.0
Fire Magic     | |  3.4

Action                     |  1- 3 |  4- 6 || total
---------------------------+-------+-------++-------
  Melee: Hand axe          |    71 |    16 ||    87
         Constrict         |    17 |     4 ||    21
         Punch             |     1 |       ||     1
         Tentacles         |    13 |     2 ||    15
   Stab: Sleeping          |     6 |     1 ||     7
 Armour: Skin              |    34 |     7 ||    41
  Dodge: Dodged            |    40 |    13 ||    53
  Block: Other             |       |     2 ||     2
